 Dungeon Crawl Stone Soup version 0.21-a0-81-gc5150db (webtiles) character file.

10635 sagitran the Grappler (level 11, -4/101 HPs)
             Began as a Troll Monk on June 23, 2017.
             Was an Elder of Wu Jian.
             Slain by a komodo dragon (25 damage)
             ... on level 1 of the Lair of Beasts.
             The game lasted 01:14:31 (9701 turns).

sagitran the Grappler (Troll Monk)                  Turns: 9701, Time: 01:14:32

Health: -4/101     AC:  7    Str: 22    XL:     11   Next: 38%
Magic:  0/10       EV: 14    Int:  6    God:    Wu Jian [****..]
Gold:   652        SH:  0    Dex: 14    Spells: 10/10 levels left

rFire    + . .     SeeInvis .     - Unarmed
rCold    . . .     Gourm    +   (no shield)
rNeg     . . .     Faith    .   z - +2 robe {MR+}
rPois    .         Spirit   +   (helmet restricted)
rElec    .         Reflect  .   (no cloak)
rCorr    .         Harm     .   (gloves unavailable)
MR       ++...                  (boots unavailable)
Stlth    +++.......             N - amulet of guardian spirit
HPRegen  0.66/turn              c - ring of protection from fire
MPRegen  0.12/turn              l - ring of protection from magic

@: no status effects
A: unfitting armour, claws 3, fast metabolism 3, gourmand, regeneration 1,
shaggy fur 1, tough skin 2
a: Serpent's Lash, Renounce Religion


You were on level 1 of the Lair of Beasts.
You worshipped Wu Jian.
Wu Jian was greatly pleased with you.
You were completely stuffed.

You visited 3 branches of the dungeon, and saw 12 of its levels.

You collected 652 gold pieces.

Inventory:

Hand Weapons
 E - the +0 war axe of Resourcefulness {protect, rElec rF+ rC+ Str+4}
   (You found it on level 7 of the Dungeon)

   It protects the one who uses it against injury (+AC on strike).
   It affects your strength (+4).
   It protects you from fire.
   It protects you from cold.
   It insulates you from electricity.
Missiles
 f - 4 tomahawks of returning
 n - 18 tomahawks
 F - 5 silver tomahawks
 I - 3 throwing nets (quivered)
Armour
 y - a +2 robe of positive energy
 z - a +2 robe of magic resistance (worn)
Jewellery
 c - a ring of protection from fire (left claw)
 l - a ring of protection from magic (right claw)
 r - an uncursed ring of protection from cold
 x - a +1 ring of evasion
 C - an uncursed amulet of magic regeneration {unknown}
 N - an amulet of guardian spirit (around neck)
Wands
 i - a wand of paralysis (9/24)
 j - a wand of flame (33/48)
 o - a wand of digging (15/24)
 w - a wand of acid (7/15)
 D - a wand of clouds (4/9)
 G - a wand of digging (16/24)
 H - a wand of lightning (6/15)
 M - a wand of random effects (24/48)
Scrolls
 d - 4 scrolls of remove curse
 k - a scroll of noise
 m - 5 scrolls of teleportation
Potions
 e - a potion of might
 g - a potion of brilliance
 h - 4 potions of heal wounds {unknown}
 p - a potion of curing
 q - a potion of cancellation {unknown}
 s - a potion of lignification {unknown}
 t - a potion of agility {unknown}
 u - a potion of ambrosia {unknown}
 A - a potion of mutation {unknown}
 B - a potion of haste {unknown}
 K - a potion of flight {unknown}
 L - a potion of berserk rage {unknown}
Comestibles
 a - 7 chunks of flesh
 b - 13 bread rations
 v - a meat ration
 J - a royal jelly


   Skills:
 + Level 4.6 Fighting
 + Level 0.6 Throwing
 + Level 6.9 Dodging
 + Level 4.6 Stealth
 + Level 13.7 Unarmed Combat
 + Level 0.2 Evocations


You had 10 spell levels left.
You didn't know any spells.

Dungeon Overview and Level Annotations

Branches:
Dungeon (10/15)            Temple (1/1) D:4            Lair (1/6) D:10
    Orc (0/2) D:10

Altars:
Ashenzari
Cheibriados
Dithmenos
Elyvilon
Fedhas
Gozag
Hepliaklqana
Kikubaaqudgha
Makhleb
Nemelex Xobeh
Okawaru
Qazlal
Ru
Sif Muna
Trog
Uskayaw
Vehumet
Wu Jian
Xom
Yredelemnul
Zin
The Shining One

Shops:
D:7 [

Annotations:
D:3 bohran's ghost, amateur DrFi
Lair:1 Harold


Innate Abilities, Weirdness & Mutations

You are too large for most types of armour.
You have claws for hands.
Your metabolism is lightning-fast.
You like to eat raw meat.
Your natural rate of healing is unusually fast.
You are covered in fur. (AC +1)
You have very tough skin. (AC +2)


Message History

Harold is moderately wounded.
The komodo dragon bites you!! Harold closely misses you.
You mangle Harold!!
Harold is severely wounded.
The komodo dragon bites you!!
Harold drinks a potion.
Harold is healed!
You claw Harold! Your claw misses Harold.
Harold is almost dead.
The komodo dragon closely misses you.
You scratch Harold but do no damage.
Harold is almost dead.
Harold points at you and mumbles some strange words.
The bolt of fire hits you! You resist.
* * * LOW HITPOINT WARNING * * *
You barely miss Harold.
Harold is almost dead.
The komodo dragon bites you.
* * * LOW HITPOINT WARNING * * *
Harold hits you but does no damage.
You feel better. The komodo dragon bites you!!
You die...

.##.......#.........#..##....##..
......#.....#...........#.#.##...
........÷.#.........#...#####..##
......#...#.#.....P..##÷......#.#
......#%....#....##...##....[#.##
..........#.#....##...##.....###
......#..........##..........#
......#.#.#.#....##......#...#
........P.#.....@l.......#.#.#
.##.#.......#....@.........#.#
.##.#...#.#..........[.....P.#
.##.......#.#............P.P.#
.#..#...#.#.........P....#...#
........P.#.#.......#........#
.#..#.....#...##.##.#....#...#
.##.# .... #....#........# .# .#
#.# #.##......#...


You could see Harold and a komodo dragon.

Vanquished Creatures
  3 two-headed ogres
  A spiny frog (Lair:1)
  2 komodo dragons
  2 rime drakes (Lair:1)
  A troll (D:10)
  Sigmund (D:3)
  A spriggan (D:8)
  A yak (D:9)
  A hungry ghost (D:8)
  Edmund (D:6)
  Menkaure (D:5)
  2 water moccasins
  2 porcupines (Lair:1)
  7 orc warriors
  2 ice beasts
  A black bear (D:8)
  3 ogres
  6 phantoms
  3 centaurs
  3 crocodiles (Lair:1)
  2 big kobolds
  14 bullfrogs
  2 scorpions
  9 wights (D:10)
  5 howler monkeys
  3 lava snakes (D:8)
  6 crimson imps
  2 hounds
  A quasit (D:10)
  2 jellies (D:9)
  2 bullfrog zombies
  3 centaur skeletons
  18 orc wizards
  6 orc priests
  2 bullfrog skeletons
  4 iguanas
  8 worker ants
  A killer bee zombie (D:8)
  2 hound zombies
  A worker ant zombie (D:5)
  18 adders
  3 gnolls (D:6)
  4 shadow imps
  2 oozes
  3 adder zombies
  7 worms
  A dart slug (D:1)
  4 leopard geckos
  38 orcs
  4 bats
  7 giant cockroaches
  5 hobgoblins
  14 jackals
  13 kobolds
  7 quokkas
  2 ball pythons (D:4)
  3 frilled lizards
  10 goblins
  A leopard gecko skeleton (D:5)
  A quokka skeleton (D:4)
  8 rats
  3 plants (D:10)
295 creatures vanquished.

Vanquished Creatures (others)
  A plant (D:10)
1 creature vanquished.

Grand Total: 296 creatures vanquished

Notes
Turn   | Place    | Note
-------+----------+-------------------------------------------
     0 | D:1      | sagitran the Troll Monk began the quest for the Orb.
     0 | D:1      | Reached XP level 1. HP: 22/22 MP: 0/0
     1 | D:1      | Noticed an electric eel
   206 | D:1      | Reached XP level 2. HP: 29/29 MP: 1/1
   679 | D:2      | Reached XP level 3. HP: 36/36 MP: 2/2
  1090 | D:2      | Reached XP level 4. HP: 29/44 MP: 3/3
  1151 | D:2      | Reached skill level 4 in Unarmed Combat
  1391 | D:3      | Noticed bohran's ghost (amateur DrFi)
  1562 | D:3      | Found a glowing golden altar of the Shining One.
  1647 | D:3      | Reached XP level 5. HP: 52/52 MP: 4/4
  1970 | D:3      | Noticed Sigmund
  1979 | D:3      | Killed Sigmund
  1979 | D:3      | Reached skill level 5 in Unarmed Combat
  1979 | D:3      | Reached XP level 6. HP: 56/61 MP: 5/5
  2204 | D:4      | Reached skill level 6 in Unarmed Combat
  2311 | D:4      | Reached XP level 7. HP: 59/67 MP: 6/6
  2446 | D:4      | Found a staircase to the Ecumenical Temple.
  2783 | D:4      | Reached skill level 7 in Unarmed Combat
  3173 | D:5      | Entered Level 5 of the Dungeon
  3212 | D:5      | Noticed Menkaure
  3458 | D:5      | Found a shimmering altar of Xom.
  3479 | D:5      | Reached XP level 8. HP: 48/75 MP: 7/7
  3598 | D:5      | Reached skill level 8 in Unarmed Combat
  3686 | D:5      | Found a sparkling altar of Nemelex Xobeh.
  3737 | Temple   | Entered the Ecumenical Temple
  3891 | D:5      | Killed Menkaure
  4143 | D:6      | Reached skill level 9 in Unarmed Combat
  4223 | D:6      | Reached skill level 5 in Dodging
  4226 | D:6      | Reached XP level 9. HP: 17/84 MP: 8/8
  4288 | D:6      | Found a deep blue altar of Sif Muna.
  4288 | D:6      | Found a shattered altar of Ashenzari.
  4294 | D:6      | Found an ancient bone altar of Kikubaaqudgha.
  4296 | D:6      | Found an ornate altar of the Wu Jian Council.
  4298 | D:6      | Found an iron altar of Okawaru.
  4318 | D:6      | Became a worshipper of the Wu Jian Council
  4318 | D:6      | Reached * piety under Wu Jian
  4318 | D:6      | Reached ** piety under Wu Jian
  4573 | D:6      | Noticed Edmund
  4835 | D:6      | Killed Edmund
  4835 | D:6      | Reached skill level 10 in Unarmed Combat
  4908 | D:7      | Got a translucent war axe
  4924 | D:7      | Identified the cursed +0 war axe of Resourcefulness {protect, rElec rF+ rC+ Str+4} (You found it on level 7 of the Dungeon)
  5514 | D:7      | Found Sosmul's Armour Shop.
  6108 | D:8      | Noticed a two-headed ogre
  6116 | D:8      | Killed a two-headed ogre
  6116 | D:8      | Reached skill level 11 in Unarmed Combat
  6407 | D:8      | Reached XP level 10. HP: 18/93 MP: 9/9
  6462 | D:8      | Reached *** piety under Wu Jian
  7851 | D:9      | Noticed a two-headed ogre
  7870 | D:9      | Killed a two-headed ogre
  7870 | D:9      | Reached skill level 12 in Unarmed Combat
  7882 | D:9      | HP: 3/94 [iguana (9)]
  8076 | D:10     | Entered Level 10 of the Dungeon
  8097 | D:10     | Reached **** piety under Wu Jian
  8249 | D:10     | Found a staircase to the Lair.
  8371 | D:10     | Found a staircase to the Orcish Mines.
  8502 | D:10     | Noticed a two-headed ogre
  8511 | D:10     | Killed a two-headed ogre
  8511 | D:10     | Reached skill level 13 in Unarmed Combat
  8511 | D:10     | Reached XP level 11. HP: 55/101 MP: 5/10
  9168 | Lair:1   | Entered Level 1 of the Lair of Beasts
  9358 | Lair:1   | HP: 5/101 [bullfrog (8)]
  9370 | Lair:1   | HP: 4/101 [bullfrog (4)]
  9672 | Lair:1   | Noticed Harold
  9701 | Lair:1   | Slain by a komodo dragon

Vault maps used:
D:1:      arrival_aquarium_a, hangedman_glass_teeth
D:3:      nicolae_tso_swordbearing_angel, uniq_sigmund
D:4:      minmay_temple_entry_from_below_a
D:5:      nemelex_xobeh_ov_fountains_minmay, first_bread, basic_altar,
          moated_statue, uniq_menkaure
D:6:      chequers_temple_overflow_minitemple, hangedman_decor_clover_reticule,
          grunt_ministairs_6, supply_closet_lemuel, corexii_checkpoint_a,
          grunt_decor_mini_mirrors, uniq_edmund
D:7:      serial_shops, nicolae_shop_stone
D:8:      the_bakery, disabler_island
D:9:      minmay_crystal_room, kennysheep_kite_vault
D:10:     david_lair_shrubbed, orc_0_dummy
Temple:   eino_wide_crystal_templ
Lair:1:   beast_lair_carwin_11, uniq_harold

Skill      XL: |  1  2  3  4  5  6  7  8  9 10 |
---------------+-------------------------------+-----
Dodging        | 3 4 5 6 |  6.9
Unarmed Combat | 4 5 6 7 9 11 13 | 13.7
Fighting       | 3 4 |  4.6
Stealth        | 2 3 4 |  4.6
Throwing       | |  0.6
Evocations     | |  0.2

Action                   |  1- 3 |  4- 6 |  7- 9 | 10-12 || total
-------------------------+-------+-------+-------+-------++-------
Melee: Unarmed           |    90 |   135 |   319 |   361 ||   905
       Punch             |     4 |     1 |    12 |    13 ||    30
       War axe           |       |       |     2 |       ||     2
Throw: Tomahawk          |       |       |       |     4 ||     4
Evoke: Wand              |       |       |     1 |       ||     1
  Use: Scroll            |       |     4 |     8 |     6 ||    18
       Potion            |       |       |     1 |     3 ||     4
 Stab: Sleeping          |     3 |     3 |     4 |    11 ||    21
       Distracted        |       |     1 |       |     1 ||     2
  Eat: Chunk             |     8 |    19 |    30 |    22 ||    79
       Meat ration       |       |       |     2 |     2 ||     4
Armor: Robe              |    37 |    29 |    55 |    59 ||   180
Dodge: Dodged            |    44 |    63 |   155 |   153 ||   415
